Map: [ESL] Royal Blood

Players

Solar

  • Race: Zerg Zerg

SpeCial - Winner!

  • Race: Terran Terran

Event: IEM Katowice 2023

VOD

Have the link to the VOD?

Description

Time

  • Played on: Feb. 10, 2023, 2:30 p.m.
  • Length: 12:29

All games in this series

Show
View Real Time Build Order
Export as new Build Order

Solar Zerg 

Build Orders: Hatch First 

Get SALT Encoding   

  12  0:00  Drone  
  13  0:12  Overlord  
  13  0:16  Drone  
  14  0:31  Drone x2  
  16  0:47  Hatchery  
  15  0:51  Drone  
  15  0:54  Drone  
  17  0:57  Drone  
  18  1:08  Extractor  
  17  1:13  Spawning Pool  
  17  1:15  Drone  
  17  1:19  Drone  
  18  1:28  Drone  
  19  1:39  Drone  
  20  1:49  Drone  
  21  1:59  Queen x2  
  21  2:00  Zergling x4  
  26  2:13  Spine Crawler  
  22  2:21  Zergling x2  
  21  2:30  Zergling x2  
  21  2:35  Drone  
  23  2:42  Drone  
  24  2:47  Metabolic Boost  
  25  2:51  Drone  
  25  2:58  Overlord  
  24  3:08  Spine Crawler  
  24  3:09  Drone  
  24  3:11  Drone  
  24  3:15  Zergling x2  
  24  3:18  Zergling x2  
  26  3:22  Zergling x2  
  27  3:28  Zergling x4  
  27  3:33  Drone  
  30  3:36  Queen  
  30  3:40  Overlord  
  33  3:43  Zergling x2  
  33  3:46  Zergling x2  
  35  3:53  Drone  
  36  4:01  Drone x2  
  38  4:03  Drone x2  
  38  4:05  Drone  
  40  4:17  Hatchery  
  40  4:20  Drone  
  40  4:23  Overlord  
  40  4:31  Queen  
  40  4:32  Drone  
  40  4:34  Drone  
  44  4:38  Overlord  
  44  4:42  Drone  
  44  4:43  Drone  
  46  4:48  Drone x2  
  46  4:49  Drone  
  46  4:52  Drone  
  50  4:53  Drone  
  50  4:57  Overlord  
  49  5:00  Drone x2  
  49  5:03  Drone  
  49  5:04  Drone  
  53  5:07  Drone  
  53  5:08  Drone  
  53  5:13  Queen  
  57  5:18  Baneling Nest  
  57  5:19  Drone x2  
  58  5:22  Overlord  
  58  5:27  Extractor, Drone  
  58  5:28  Drone  
  59  5:33  Queen  
  59  5:34  Drone  
  61  5:37  Drone x3  
  64  5:43  Extractor, Drone x3  
  64  5:44  Drone  
  64  5:49  Drone x2  
  69  5:54  Lair  
  69  5:55  Drone x2  
  69  5:56  Drone  
  72  6:01  Drone x3  
  75  6:06  Drone  
  75  6:07  Drone x2  
  75  6:09  Drone  
  75  6:10  Drone, Evolution Chamber  
  79  6:12  Drone x2  
  79  6:17  Drone  
  79  6:18  Overlord  
  82  6:20  Evolution Chamber  
  82  6:25  Drone  
  82  6:28  Extractor  
  82  6:29  Zergling x2  
  82  6:30  Overlord, Hatchery  
  81  6:36  Zergling x2  
  81  6:37  Zergling x12  
  87  6:41  Zergling x2  
  87  6:42  Zergling x2  
  89  6:48  Overlord  
  89  6:54  Overseer, Centrifugal Hooks  
  88  6:55  Zerg Ground Armor Level 1  
  88  6:56  Zerg Melee Weapons Level 1  
  88  6:57  Drone  
  88  6:59  Zergling x14  
  88  7:01  Baneling x2  
  96  7:03  Baneling  
  96  7:04  Overlord  
  96  7:05  Drone  
  96  7:07  Drone, Zergling x2  
  96  7:08  Zergling x2  
  100  7:09  Baneling x3  
  100  7:14  Overlord  
  100  7:16  Drone  
  100  7:17  Zergling x6  
  100  7:19  Baneling x4  
  100  7:20  Zergling x2  
  105  7:23  Overlord  
  105  7:25  Drone  
  105  7:26  Overlord  
  106  7:31  Extractor  
  106  7:32  Hydralisk Den  
  106  7:37  Drone x3  
  106  7:38  Drone x5  
  106  7:41  Baneling, Overseer  
  112  7:46  Drone  
  112  7:47  Queen  
  112  7:49  Drone, Spore Crawler  
  112  7:50  Zergling x4  
  117  7:52  Baneling  
  117  7:55  Drone  
  117  7:58  Drone  
  117  7:59  Drone  
  117  8:01  Drone x2  
  117  8:02  Drone x5  
  123  8:08  Zergling x8  
  123  8:11  Baneling x10  
  123  8:12  Baneling x5  
  121  8:13  Zergling x6  
  121  8:16  Zergling x8  
  123  8:20  Zergling x2  
  123  8:23  Overlord  
  124  8:34  Overlord, Baneling  
  122  8:35  Zergling x6  
  122  8:39  Hatchery  
  115  8:42  Zergling x2  
  115  8:44  Zergling x18  
  115  8:46  Zergling x2  
  124  8:48  Extractor  
  124  8:49  Muscular Augments  
  123  8:56  Hydralisk x2  
  123  8:57  Baneling  
  123  8:58  Baneling x2, Zerg Ground Armor Level 2  
  123  9:00  Zerg Melee Weapons Level 2  
  127  9:03  Zergling x4  
  127  9:08  Hydralisk x2  
  127  9:09  Baneling  
  133  9:16  Zergling x2  
  133  9:17  Zergling x2  
  134  9:22  Zergling x2  
  134  9:23  Zergling x8  
  134  9:26  Overlord  
  134  9:29  Zergling x6  
  134  9:30  Baneling x3  
  137  9:31  Zergling x2  
  137  9:33  Overlord x2  
  138  9:38  Baneling x3  
  138  9:39  Overlord  
  138  9:40  Infestation Pit  
  138  9:45  Baneling x2, Hydralisk x3  
  137  9:46  Hatchery  
  137  9:48  Zergling x2  
  137  9:52  Hydralisk  
  144  9:59  Zergling x6  
  143  10:03  Baneling x6  
  143  10:05  Zergling x16  
  148  10:08  Drone  
  148  10:12  Drone  
  150  10:15  Hydralisk  
  150  10:16  Pneumatized Carapace  
  150  10:17  Hydralisk x2  
  156  10:25  Overseer  
  156  10:27  Zergling x4  
  154  10:31  Zergling x4  
  154  10:33  Hive  
  154  10:34  Zergling x8  
  154  10:35  Zergling x4  
  150  10:42  Zergling x14  
  150  10:44  Grooved Spines  
  150  10:46  Zergling x2  
  151  10:52  Baneling x16  
  151  10:53  Zergling x8  
  151  10:54  Zergling x2  
  151  10:55  Zergling x2  
  157  10:58  Overlord  
  157  10:59  Extractor, Queen  
  157  11:00  Zergling x4  
  157  11:02  Hydralisk x2  
  157  11:04  Zergling x2  
  162  11:06  Zergling x6  
  162  11:08  Zergling x2  
  162  11:10  Zergling x6  
  162  11:11  Zergling x2  
  170  11:18  Drone  
  170  11:19  Drone x4, Lurker Den  
  170  11:21  Extractor  
  170  11:25  Zergling x6  
  171  11:31  Zergling x2  
  171  11:32  Zergling x12  
  171  11:37  Overlord  
  171  11:39  Overlord  
  168  11:45  Overlord, Zergling x2  
  168  11:46  Zergling x8  
  159  11:51  Baneling x2  
  159  11:52  Overlord, Baneling x2  
  153  12:00  Hydralisk x2  
  156  12:02  Zergling x4  
  136  12:12  Zergling x4  
Show
View Real Time Build Order
Export as new Build Order

SpeCial Terran - Winner!

Build Orders:  

Get SALT Encoding   

  12  0:00  SCV  
  13  0:12  SCV  
  14  0:18  Supply Depot  
  14  0:24  SCV  
  15  0:41  Barracks  
  15  0:51  Barracks  
  15  0:55  SCV  
  16  1:07  Barracks  
  16  1:10  SCV  
  17  1:22  SCV  
  18  1:28  Marine  
  19  1:35  Orbital Command  
  19  1:38  Marine  
  20  1:46  Marine, Supply Depot  
  21  1:55  Bunker  
  21  1:56  Marine  
  21  2:00  Marine  
  23  2:07  SCV  
  23  2:08  Marine  
  24  2:14  Marine  
  26  2:20  Marine, SCV  
  26  2:25  Supply Depot  
  26  2:26  Marine  
  27  2:32  Marine, SCV  
  29  2:38  Marine  
  29  2:44  SCV  
  31  2:46  Marine  
  31  2:49  Marine  
  33  3:02  Command Center  
  33  3:08  SCV  
  33  3:10  Marine  
  33  3:11  Marine, Supply Depot  
  36  3:15  Marine  
  37  3:20  SCV  
  38  3:38  Command Center  
  38  3:39  SCV  
  38  3:51  SCV  
  38  3:54  Refinery  
  38  3:55  Refinery  
  39  4:03  Bunker, SCV  
  40  4:15  SCV  
  40  4:16  Orbital Command  
  41  4:27  Barracks, SCV  
  42  4:33  Supply Depot  
  42  4:39  Barracks Tech Lab  
  42  4:40  SCV  
  42  4:41  SCV  
  44  4:46  Barracks Reactor  
  44  4:51  Orbital Command  
  44  4:52  SCV  
  45  4:54  SCV  
  45  4:56  Supply Depot  
  45  4:59  Marine  
  47  5:01  Stimpack  
  47  5:04  SCV  
  47  5:06  SCV  
  49  5:12  Orbital Command  
  49  5:15  Marine  
  49  5:16  SCV  
  49  5:17  Marine, Factory  
  49  5:18  SCV  
  49  5:19  Supply Depot  
  53  5:28  SCV  
  54  5:30  SCV, Refinery  
  54  5:31  Refinery  
  54  5:34  Marine x2  
  58  5:37  Marine, Barracks Reactor  
  58  5:39  SCV  
  58  5:40  SCV  
  58  5:41  Barracks  
  58  5:42  SCV, Supply Depot  
  61  5:45  Engineering Bay  
  61  5:47  Engineering Bay  
  61  5:52  SCV x2  
  61  5:54  SCV  
  61  5:55  Marine x2  
  66  6:00  Starport  
  66  6:01  Factory Reactor  
  66  6:04  SCV x2  
  67  6:05  Barracks Reactor  
  67  6:07  SCV  
  67  6:11  Marine  
  70  6:13  Marine x2  
  70  6:14  Marine x2  
  70  6:16  SCV x2  
  70  6:18  Bunker, Terran Infantry Weapons Level 1  
  76  6:20  SCV  
  76  6:22  Terran Infantry Armor Level 1  
  77  6:28  Marine, SCV x2  
  77  6:32  SCV  
  81  6:34  Marine x3  
  81  6:35  Marine  
  85  6:40  SCV x2  
  85  6:42  Marine  
  85  6:44  Combat Shield  
  85  6:46  Barracks Reactor  
  87  6:47  Factory Reactor, SCV  
  87  6:48  Medivac  
  87  6:51  Supply Depot  
  87  6:52  SCV  
  87  6:53  SCV  
  92  6:54  Marine x4  
  92  6:58  Medivac  
  92  7:00  Marine x2  
  100  7:02  Marine  
  101  7:11  SCV x2  
  101  7:12  Marine x4, SCV  
  108  7:17  Marine  
  108  7:18  Marine  
  108  7:21  Medivac, Supply Depot  
  108  7:22  Marine  
  113  7:23  SCV x2  
  113  7:25  Widow Mine  
  117  7:34  Barracks  
  117  7:36  Barracks  
  117  7:39  Barracks  
  117  7:40  Supply Depot  
  117  7:42  Marine, Medivac  
  117  7:43  Marine x2, Widow Mine  
  117  7:44  Marine, Armory  
  124  7:47  Supply Depot  
  125  7:58  Marine x3  
  125  7:59  Marine x2  
  125  8:02  Marine x3  
  125  8:03  Marine  
  125  8:04  Widow Mine x2  
  130  8:10  Medivac  
  131  8:12  Medivac  
  131  8:16  Marine x3  
  131  8:17  Marine  
  137  8:25  Marine  
  137  8:26  Barracks Tech Lab x2  
  137  8:32  Marine, Marauder  
  137  8:33  Command Center, Supply Depot x2  
  140  8:35  Supply Depot  
  140  8:36  Marine  
  132  8:42  Marine x2  
  132  8:43  Marine  
  132  8:46  Widow Mine  
  132  8:47  Medivac  
  135  8:50  Medivac  
  135  8:53  Barracks Tech Lab  
  135  8:54  Marauder x2  
  140  9:06  Marine  
  140  9:07  Marauder  
  140  9:08  Widow Mine  
  140  9:09  Marine x3  
  142  9:10  Marine x3  
  142  9:12  Marine  
  142  9:15  Marauder x2  
  152  9:22  Supply Depot x2  
  145  9:24  Marine, Marauder  
  145  9:27  Marine x4  
  145  9:28  Marine, Marauder  
  145  9:29  SCV x2  
  155  9:33  Marine  
  155  9:36  Terran Infantry Weapons Level 2  
  155  9:37  Marauder  
  158  9:41  Terran Infantry Armor Level 2  
  158  9:43  Marine  
  159  9:48  Marine  
  159  9:49  Marauder  
  159  9:51  Concussive Shells  
  159  9:52  Marine, Marauder  
  164  9:59  Marine  
  158  10:00  Marauder  
  158  10:03  SCV x3  
  164  10:07  Widow Mine x2  
  164  10:09  Medivac  
  164  10:10  Medivac  
  170  10:15  Planetary Fortress  
  170  10:22  Marine, Marauder  
  170  10:26  SCV  
  170  10:28  Marine, Widow Mine x2, Marauder  
  179  10:34  Marine x4, Marauder  
  167  10:39  Medivac x2  
  162  10:44  Marine x4  
  162  10:45  Marine, Marauder  
  162  10:48  SCV x3  
  175  10:50  Widow Mine x2  
  175  10:52  Marine  
  175  10:53  Marauder  
  175  10:54  Marine  
  175  10:56  Marauder  
  181  11:03  Marauder  
  179  11:05  Marine  
  179  11:06  Marauder  
  179  11:10  Marine x2  
  183  11:14  Marine, Marauder  
  183  11:16  Marine x2  
  183  11:17  Medivac x2, Marauder  
  194  11:24  Marauder  
  196  11:30  Marauder  
  184  11:33  Marine  
  184  11:35  Widow Mine x2  
  184  11:36  Marine  
  188  11:42  Marine  
  188  11:52  Marauder  
  188  11:54  Medivac  
  188  11:55  Marauder  
  188  12:04  Marine  
  188  12:06  Marauder  
  188  12:07  Marauder  
  187  12:09  Command Center x2  
  187  12:10  Marine  

Tags
 
Add a new tag
Caveats
  • Supply blocks, unpowered buildings, or Contaminate may cause inaccurate times.
  • Supply counts are checked every 10 seconds.